TOP OF THE 1ST |
Salem-Keizer Volcanoes batting - Pitching for Williamsport Crosscutters : RHP John Stepanian
|
Pitching: RHP John Stepanian
|
|
Batting: LHB Pat Aviles
|
0-0: Ball 1-0: Ground out 4-3 (Groundball, 34, EV 84.4 MPH)
|
Batting: LHB Gil Caraveo
|
0-0: Called Strike 0-1: Foul Ball, location: 2F 0-2: Ball 1-2: SINGLE (Groundball, 34D, EV 95.0 MPH)
|
Batting: LHB Al Hernandez
|
0-0: Ball Gil Caraveo steals 2nd base (no throw) 1-0: SINGLE (Groundball, 4MD, EV 98.8 MPH) Gil Caraveo to third Runner from 3rd tries for Home, throw by CF and OUT! 8-2
|
Batting: RHB Sam Smith
|
0-0: Called Strike 0-1: Foul Ball, location: 2F 0-2: Strikes out swinging
|
Top of the 1st over - 0 runs, 2 hits, 0 errors, 1 left on base; Salem-Keizer 0 - Williamsport 0 |
BOTTOM OF THE 1ST |
Williamsport Crosscutters batting - Pitching for Salem-Keizer Volcanoes : LHP Mike del Rio
|
Pitching: LHP Mike del Rio
|
|
Batting: RHB Cory Bonham
|
0-0: Ball 1-0: Fly out, F7 (Flyball, 78S, EV 80.6 MPH)
|
Batting: RHB Ken Gadberry
|
0-0: Called Strike 0-1: Ball 1-1: Foul Ball, location: 2F 1-2: Ball 2-2: Ball 3-2: Fly out, F8 (Flyball, 8RS, EV 85.6 MPH)
|
Batting: RHB Alan Weller
|
0-0: Fly out, F8 (Line Drive, 8LD, EV 91.3 MPH)
|
Bottom of the 1st over - 0 runs, 0 hits, 0 errors, 0 left on base; Salem-Keizer 0 - Williamsport 0 |
TOP OF THE 2ND |
Salem-Keizer Volcanoes batting - Pitching for Williamsport Crosscutters : RHP John Stepanian
|
Batting: RHB Dinand Brouwer
|
0-0: Called Strike 0-1: Ground out 5-3 (Groundball, 56, EV 83.8 MPH)
|
Batting: RHB Gabe Ochoa
|
0-0: Ball 1-0: Ball 2-0: Ball 3-0: Called Strike 3-1: Base on Balls
|
Batting: RHB Alfredo Lemus
|
0-0: Called Strike 0-1: Ball 1-1: Ball 2-1: Ball 3-1: Called Strike 3-2: SINGLE (Groundball, 34D, EV 95.6 MPH) Gabe Ochoa to second Gabe Ochoa to third
|
Batting: RHB Ryan Johnston
|
0-0: Called Strike 0-1: Ball 1-1: Called Strike 1-2: Hit by Pitch Alfredo Lemus to second
|
Batting: RHB Willie Sanchez
|
0-0: Ball 1-0: Swinging Strike 1-1: Swinging Strike 1-2: Strikes out looking
|
Batting: LHB Pat Aviles
|
0-0: Foul Ball, location: 2F 0-1: Ball 1-1: Foul Ball, location: 2F 1-2: Strikes out looking
|
Top of the 2nd over - 0 runs, 1 hit, 0 errors, 3 left on base; Salem-Keizer 0 - Williamsport 0 |
BOTTOM OF THE 2ND |
Williamsport Crosscutters batting - Pitching for Salem-Keizer Volcanoes : LHP Mike del Rio
|
Batting: SHB Benjamin Brown
|
0-0: Ball 1-0: Called Strike 1-1: Called Strike 1-2: Ball 2-2: Strikes out swinging
|
Batting: RHB Jimmy Misener
|
0-0: Ball 1-0: Swinging Strike 1-1: Ground out 3-1 (Groundball, 34, EV 97.5 MPH)
|
Batting: RHB Moritake Fukumoto
|
0-0: Called Strike 0-1: Ball 1-1: Called Strike 1-2: DOUBLE (Groundball, 5L, EV 106.3 MPH)
|
Batting: RHB Allen Gravel
|
0-0: Ball 1-0: Ball 2-0: Called Strike 2-1: Swinging Strike 2-2: Ground out 6-3 (Groundball, 6, EV 94.4 MPH)
|
Bottom of the 2nd over - 0 runs, 1 hit, 0 errors, 1 left on base; Salem-Keizer 0 - Williamsport 0 |
TOP OF THE 3RD |
Salem-Keizer Volcanoes batting - Pitching for Williamsport Crosscutters : RHP John Stepanian
|
Batting: LHB Gil Caraveo
|
0-0: Called Strike 0-1: Ball 1-1: Ball 2-1: Ground out 4-3 (Groundball, 4, EV 84.4 MPH)
|
Batting: LHB Al Hernandez
|
0-0: Ball 1-0: Swinging Strike 1-1: Foul Ball, location: 2F 1-2: Strikes out looking
|
Batting: RHB Sam Smith
|
0-0: Ball 1-0: Ball 2-0: Called Strike 2-1: Foul Ball, location: 2F 2-2: Fly out, F7 (Flyball, 7LS, EV 83.1 MPH)
|
Top of the 3rd over - 0 runs, 0 hits, 0 errors, 0 left on base; Salem-Keizer 0 - Williamsport 0 |
BOTTOM OF THE 3RD |
Williamsport Crosscutters batting - Pitching for Salem-Keizer Volcanoes : LHP Mike del Rio
|
Batting: SHB Matt Sybrant
|
0-0: Ball 1-0: Ground out U3 (Groundball, 3, EV 84.4 MPH)
|
Batting: LHB Tsuneharu Nishimura
|
0-0: Called Strike 0-1: Ball 1-1: Foul Ball, location: 2F 1-2: Foul Ball, location: 2F 1-2: Strikes out swinging
|
Batting: RHB Cory Bonham
|
0-0: Ball 1-0: Ball 2-0: Ball 3-0: Base on Balls
|
Batting: RHB Ken Gadberry
|
0-0: Ground out 1-3 (Groundball, 13S, EV 73.1 MPH)
|
Bottom of the 3rd over - 0 runs, 0 hits, 0 errors, 1 left on base; Salem-Keizer 0 - Williamsport 0 |
TOP OF THE 4TH |
Salem-Keizer Volcanoes batting - Pitching for Williamsport Crosscutters : RHP John Stepanian
|
Batting: RHB Dinand Brouwer
|
0-0: Called Strike 0-1: SINGLE (Groundball, 6MD, EV 102.5 MPH)
|
Batting: RHB Gabe Ochoa
|
0-0: Ball Dinand Brouwer steals 2nd, throwing error, E2 Dinand Brouwer to third 1-0: Swinging Strike 1-1: Fly out, F8 (Flyball, 8RD, EV 97.5 MPH) Runner from 3rd tags up, SCORES, throw by CF
|
Batting: RHB Alfredo Lemus
|
0-0: Ball 1-0: Ball 2-0: Ball 3-0: Called Strike 3-1: Fly out, F9 (Flyball, 89D, EV 84.4 MPH)
|
Batting: RHB Ryan Johnston
|
0-0: Ball 1-0: Ground out 6-3 (Groundball, 6, EV 103.1 MPH)
|
Top of the 4th over - 1 run, 1 hit, 1 error, 0 left on base; Salem-Keizer 1 - Williamsport 0 |
BOTTOM OF THE 4TH |
Williamsport Crosscutters batting - Pitching for Salem-Keizer Volcanoes : LHP Mike del Rio
|
Batting: RHB Alan Weller
|
0-0: Ball 1-0: Fly out, F8 (Flyball, 89D, EV 108.8 MPH)
|
Batting: SHB Benjamin Brown
|
0-0: Called Strike 0-1: Ball 1-1: Ball 2-1: Ball 3-1: TRIPLE (Flyball, 89XD, EV 88.8 MPH)
|
Batting: RHB Jimmy Misener
|
0-0: Ball 1-0: Ball 2-0: Ball 3-0: DOUBLE (Flyball, 78XD, EV 111.9 MPH) Benjamin Brown scores
|
Batting: RHB Moritake Fukumoto
|
0-0: Called Strike 0-1: Foul Ball, location: 2F 0-2: Ball 1-2: Strikes out looking
|
Batting: RHB Allen Gravel
|
0-0: Ball 1-0: Ball 2-0: Called Strike 2-1: Ball Wild Pitch! Jimmy Misener to third 3-1: Base on Balls
|
Batting: SHB Matt Sybrant
|
0-0: Swinging Strike 0-1: Ball 1-1: Ball 2-1: Foul Ball, location: 2F 2-2: Strikes out swinging
|
Bottom of the 4th over - 1 run, 2 hits, 0 errors, 2 left on base; Salem-Keizer 1 - Williamsport 1 |
TOP OF THE 5TH |
Salem-Keizer Volcanoes batting - Pitching for Williamsport Crosscutters : RHP John Stepanian
|
Batting: RHB Willie Sanchez
|
0-0: Foul Ball, location: 2F 0-1: Ball 1-1: Foul Ball, location: 2F 1-2: Strikes out swinging
|
Batting: LHB Pat Aviles
|
0-0: Ball 1-0: Ball 2-0: Called Strike 2-1: Ball 3-1: Swinging Strike 3-2: Strikes out swinging
|
Batting: LHB Gil Caraveo
|
0-0: Ball 1-0: Called Strike 1-1: Ball 2-1: Called Strike 2-2: Ball 3-2: Strikes out swinging
|
Top of the 5th over - 0 runs, 0 hits, 0 errors, 0 left on base; Salem-Keizer 1 - Williamsport 1 |
BOTTOM OF THE 5TH |
Williamsport Crosscutters batting - Pitching for Salem-Keizer Volcanoes : LHP Mike del Rio
|
Batting: LHB Tsuneharu Nishimura
|
0-0: Fly out, F7 (Flyball, 7S, EV 91.9 MPH)
|
Batting: RHB Cory Bonham
|
0-0: Ball 1-0: Foul Ball, location: 2F 1-1: Ball 2-1: Foul Ball, location: 2F 2-2: Foul Ball, location: 2F 2-2: Ball 3-2: Foul Ball, location: 2F 3-2: Strikes out swinging
|
Batting: RHB Ken Gadberry
|
0-0: Swinging Strike 0-1: Ground out 5-3 (Groundball, 56, EV 109.4 MPH)
|
Bottom of the 5th over - 0 runs, 0 hits, 0 errors, 0 left on base; Salem-Keizer 1 - Williamsport 1 |
TOP OF THE 6TH |
Salem-Keizer Volcanoes batting - Pitching for Williamsport Crosscutters : RHP John Stepanian
|
Pitching: RHP Marty Nieves
|
|
Batting: LHB Al Hernandez
|
0-0: Swinging Strike 0-1: Ball 1-1: Ball 2-1: Swinging Strike 2-2: Strikes out swinging
|
Batting: RHB Sam Smith
|
0-0: Called Strike 0-1: Ball 1-1: Ball 2-1: Foul Ball, location: 2F 2-2: Strikes out swinging
|
Batting: RHB Dinand Brouwer
|
0-0: Foul Ball, location: 2F 0-1: Ball 1-1: Swinging Strike 1-2: Ball 2-2: Ball 3-2: Strikes out looking
|
Top of the 6th over - 0 runs, 0 hits, 0 errors, 0 left on base; Salem-Keizer 1 - Williamsport 1 |
BOTTOM OF THE 6TH |
Williamsport Crosscutters batting - Pitching for Salem-Keizer Volcanoes : LHP Mike del Rio
|
Batting: RHB Alan Weller
|
0-0: Called Strike 0-1: Foul Ball, location: 2F 0-2: Ball 1-2: Ball 2-2: TRIPLE (Line Drive, 78XD, EV 101.3 MPH)
|
Batting: SHB Benjamin Brown
|
0-0: Intentional Walk
|
Pitching: RHP Lorenzo de Jesus
|
|
Batting: RHB Jimmy Misener
|
0-0: Swinging Strike 0-1: Swinging Strike 0-2: Ball 1-2: Strikes out looking
|
Batting: RHB Moritake Fukumoto
|
0-0: Ball 1-0: Called Strike Benjamin Brown steals 2nd base 1-1: Foul Ball, location: 2F 1-2: DOUBLE (Flyball, 3D, EV 93.8 MPH) Alan Weller scores Benjamin Brown scores
|
Batting: RHB Allen Gravel
|
0-0: Foul Ball, location: 2F 0-1: Called Strike 0-2: Ball 1-2: Strikes out swinging
|
Batting: SHB Matt Sybrant
|
0-0: Ball 1-0: Ground out 6-3 (Groundball, 6M, EV 104.4 MPH)
|
Bottom of the 6th over - 2 runs, 2 hits, 0 errors, 1 left on base; Salem-Keizer 1 - Williamsport 3 |
TOP OF THE 7TH |
Salem-Keizer Volcanoes batting - Pitching for Williamsport Crosscutters : RHP Marty Nieves
|
Batting: RHB Gabe Ochoa
|
0-0: Called Strike 0-1: Ball 1-1: Ground out 6-3 (Groundball, 6S, EV 86.9 MPH)
|
Batting: RHB Alfredo Lemus
|
0-0: Swinging Strike 0-1: Ball 1-1: Swinging Strike 1-2: Ball 2-2: Strikes out swinging
|
Batting: RHB Ryan Johnston
|
0-0: Swinging Strike 0-1: Called Strike 0-2: Ball 1-2: Ball 2-2: Strikes out looking
|
Top of the 7th over - 0 runs, 0 hits, 0 errors, 0 left on base; Salem-Keizer 1 - Williamsport 3 |
BOTTOM OF THE 7TH |
Williamsport Crosscutters batting - Pitching for Salem-Keizer Volcanoes : RHP Lorenzo de Jesus
|
Pitching: RHP Brian Yinger
|
|
Batting: LHB Tsuneharu Nishimura
|
0-0: Ball 1-0: Foul Ball, location: 2F 1-1: Called Strike 1-2: Ground out 4-3 (Groundball, 34D, EV 95.0 MPH)
|
Batting: RHB Cory Bonham
|
0-0: Ball 1-0: Fly out, F7 (Line Drive, 7D, EV 99.4 MPH)
|
Batting: RHB Ken Gadberry
|
0-0: Ball 1-0: Ball 2-0: DOUBLE (Line Drive, 7LS, EV 90.0 MPH)
|
Batting: RHB Alan Weller
|
0-0: Ball 1-0: Ball 2-0: Called Strike 2-1: Swinging Strike 2-2: Ball 3-2: Foul Ball, location: 2F 3-2: Strikes out swinging
|
Bottom of the 7th over - 0 runs, 1 hit, 0 errors, 1 left on base; Salem-Keizer 1 - Williamsport 3 |
TOP OF THE 8TH |
Salem-Keizer Volcanoes batting - Pitching for Williamsport Crosscutters : RHP Marty Nieves
|
Pitching: RHP Jay Wyatt
|
|
Batting: RHB Willie Sanchez
|
0-0: Called Strike 0-1: Ground out 6-3 (Groundball, 6, EV 91.9 MPH)
|
Batting: LHB Pat Aviles
|
0-0: Foul Ball, location: 2F 0-1: Foul Ball, location: 2F 0-2: Ball 1-2: Strikes out swinging
|
Batting: LHB Gil Caraveo
|
0-0: Fly out, F9 (Flyball, 9S, EV 91.9 MPH)
|
Top of the 8th over - 0 runs, 0 hits, 0 errors, 0 left on base; Salem-Keizer 1 - Williamsport 3 |
BOTTOM OF THE 8TH |
Williamsport Crosscutters batting - Pitching for Salem-Keizer Volcanoes : RHP Brian Yinger
|
Batting: SHB Benjamin Brown
|
0-0: Ball 1-0: Called Strike 1-1: Fly out, F5 (Popup, 25, EV 80.0 MPH)
|
Batting: RHB Jimmy Misener
|
0-0: Ball 1-0: Called Strike 1-1: Swinging Strike 1-2: Strikes out swinging
|
Batting: RHB Moritake Fukumoto
|
0-0: Ball 1-0: Ball 2-0: Called Strike 2-1: Ball 3-1: Foul Ball, location: 2F 3-2: Foul Ball, location: 2F 3-2: Strikes out swinging
|
Bottom of the 8th over - 0 runs, 0 hits, 0 errors, 0 left on base; Salem-Keizer 1 - Williamsport 3 |
TOP OF THE 9TH |
Salem-Keizer Volcanoes batting - Pitching for Williamsport Crosscutters : RHP Jay Wyatt
|
Pitching: RHP Dou-guan Ti
|
|
Batting: LHB Al Hernandez
|
0-0: Ground out 6-3 (Groundball, 6, EV 110.6 MPH)
|
Batting: LHB Ryan Anderson
|
0-0: Called Strike 0-1: Ball 1-1: Ball 2-1: Swinging Strike 2-2: SINGLE (Groundball, P, EV 83.1 MPH) (infield hit)
|
Batting: RHB Dinand Brouwer
|
0-0: Foul Ball, location: 2F 0-1: Ball Passed Ball! Ryan Anderson to second 1-1: Foul Ball, location: 2F 1-2: Strikes out swinging
|
Batting: RHB Gabe Ochoa
|
0-0: Ball Wild Pitch! Ryan Anderson to third 1-0: Ground out 4-3 (Groundball, 34D, EV 106.9 MPH)
|
Top of the 9th over - 0 runs, 1 hit, 0 errors, 1 left on base; Salem-Keizer 1 - Williamsport 3 |
|